[ AOE2 MATCH · #477797440 ]
UnrankedCelts vs Huns
[ REPLAY ANALYSIS · EXTRACTED FROM THE RECORDED GAME ]
Feudal
11:23
Castle
15:02
Imperial
33:34
| APM avg | 34.5 |
| APM peak | 68 |
| eAPM avg | 21.2 |
| Villagers / military | 153 / 127 |
Focus
⚔️ 39.2% · 🌾 60.8%
Spearman ×87 · Scorpion ×20 · Battering Ram ×20
Feudal
11:05
Castle
14:38
Imperial
31:50
| APM avg | 58.8 |
| APM peak | 110 |
| eAPM avg | 28.7 |
| Villagers / military | 157 / 195 |
Focus
⚔️ 41.1% · 🌾 58.9%
Knight ×195
Feudal
10:55
Castle
14:28
Imperial
32:59
| APM avg | 42.1 |
| APM peak | 74 |
| eAPM avg | 23.9 |
| Villagers / military | 142 / 112 |
Focus
⚔️ 28.3% · 🌾 71.7%
Ratha (Ranged) ×107 · Monk ×5
Feudal
11:31
Castle
15:01
Imperial
35:32
| APM avg | 59.0 |
| APM peak | 126 |
| eAPM avg | 27.5 |
| Villagers / military | 149 / 55 |
Focus
⚔️ 52.3% · 🌾 47.7%
Camel Archer ×43 · Monk ×4 · Mangonel ×4 · Bombard Cannon ×2 · Scorpion ×1 · Trebuchet (Packed) ×1
Feudal
10:31
Castle
14:02
Imperial
29:10
| APM avg | 35.0 |
| APM peak | 83 |
| eAPM avg | 19.7 |
| Villagers / military | 129 / 236 |
Focus
⚔️ 22.6% · 🌾 77.4%
Huskarl ×236
Feudal
11:21
Castle
14:58
Imperial
31:30
| APM avg | 29.5 |
| APM peak | 83 |
| eAPM avg | 15.3 |
| Villagers / military | 98 / 29 |
Focus
⚔️ 19.9% · 🌾 80.1%
Hand Cannoneer ×18 · Battering Ram ×10 · Monk ×1
Feudal
10:57
Castle
14:27
Imperial
36:07
| APM avg | 35.4 |
| APM peak | 73 |
| eAPM avg | 23.5 |
| Villagers / military | 152 / 20 |
Focus
⚔️ 22.1% · 🌾 77.9%
Rattan Archer ×11 · Mangonel ×5 · Trade Cart ×2 · Battering Ram ×2 · Trebuchet (Packed) ×2
Feudal
10:57
Castle
14:39
Imperial
32:09
| APM avg | 44.4 |
| APM peak | 103 |
| eAPM avg | 20.4 |
| Villagers / military | 91 / 97 |
Focus
⚔️ 29.6% · 🌾 70.4%
Janissary ×92 · Petard ×2 · Bombard Cannon ×2 · Trebuchet (Packed) ×1
Match map
Initial resources + every placement click. Lines = walls · curves = elevation contours. ◆ gold · ⬟ stone · ● berries · ✦ relic · ◌ wall gap
Your base· ✓ Closed at 15:02 · 0t walls · 2 gate(s)
BF_Xin's base· ✓ Closed at 14:38 · 0t walls · 2 gate(s)
AOKI_Thanouille's base· ✓ Closed at 14:28 · 0t walls · 2 gate(s)
[hkbb] Munzo__'s base· ✓ Closed at 15:01 · 0t walls · 2 gate(s)
Adramalik's base· ✓ Closed at 14:02 · 0t walls · 3 gate(s)
AOKI_WALLY's base· ✓ Closed at 14:58 · 0t walls · 3 gate(s)
摆烂菜鸟's base· ✓ Closed at 14:27 · 0t walls · 2 gate(s)
AOKI_Baobab's base· ✓ Closed at 14:39 · 0t walls · 2 gate(s)
Smoothed initial terrain · ◌ = detected wall gap · hover for details
Inputs per minute
— AOKI_ViDa__ - - BF_Xin
Build order — AOKI_ViDa__
First 150 of 462 actions detected
| 0:02 | Create | Villager (Male) |
| 0:03 | Create | Villager (Male) |
| 0:03 | Create | Villager (Male) |
| 0:06 | Build | House |
| 0:07 | Build | House |
| 0:14 | Create | Villager (Male) |
| 1:41 | Create | Villager (Male) |
| 1:50 | Build | Lumber Camp |
| 1:59 | Create | Villager (Male) |
| 2:30 | Create | Villager (Male) |
| 2:56 | Create | Villager (Male) |
| 3:02 | Build | House |
| 3:03 | Build | House |
| 3:13 | Create | Villager (Male) |
| 3:31 | Create | Villager (Male) |
| 3:31 | Create | Villager (Male) |
| 3:48 | Build | House |
| 4:02 | Create | Villager (Male) |
| 4:27 | Create | Villager (Male) |
| 4:42 | Build | House |
| 4:48 | Build | Mill |
| 4:56 | Create | Villager (Male) |
| 5:27 | Create | Villager (Male) |
| 5:27 | Create | Villager (Male) |
| 6:03 | Create | Villager (Male) |
| 6:10 | Build | Farm |
| 6:14 | Build | Farm |
| 6:33 | Create | Villager (Male) |
| 6:33 | Create | Villager (Male) |
| 6:39 | Create | Villager (Male) |
| 6:39 | Create | Villager (Male) |
| 6:51 | Build | Farm |
| 7:41 | Create | Villager (Male) |
| 7:54 | Build | Farm |
| 8:23 | Create | Villager (Male) |
| 8:31 | Build | Farm |
| 8:39 | Create | Villager (Male) |
| 8:55 | Build | Mining Camp |
| 9:11 | Research | Feudal Age |
| 11:23 | Age | Feudal Age |
| 11:24 | Create | Villager (Male) |
| 11:24 | Create | Villager (Male) |
| 11:26 | Build | Market |
| 11:29 | Build | Blacksmith |
| 11:37 | Research | Double-Bit Axe |
| 12:22 | Research | Castle Age |
| 12:30 | Research | Horse Collar |
| 12:35 | Research | Gold Mining |
| 15:02 | Age | Castle Age |
| 15:05 | Research | Bow Saw |
| 15:06 | Create | Villager (Male) |
| 15:07 | Create | Villager (Male) |
| 15:12 | Build | Town Center |
| 15:14 | Build | Lumber Camp |
| 15:17 | Build | Farm |
| 15:41 | Create | Villager (Male) |
| 16:01 | Build | Siege Workshop |
| 16:22 | Create | Villager (Male) |
| 16:25 | Research | Wheelbarrow |
| 16:25 | Create | Villager (Male) |
| 16:30 | Create | Villager (Male) |
| 16:48 | Build | Siege Workshop |
| 17:08 | Create | Villager (Male) |
| 17:09 | Create | Villager (Male) |
| 17:09 | Create | Villager (Male) |
| 17:44 | Build | Mining Camp |
| 17:48 | Create | Battering Ram |
| 17:50 | Create | Battering Ram |
| 17:58 | Create | Villager (Male) |
| 17:58 | Create | Villager (Male) |
| 18:04 | Create | Battering Ram |
| 18:13 | Build | Farm |
| 18:23 | Create | Battering Ram |
| 18:28 | Build | House |
| 18:31 | Research | Loom |
| 18:37 | Build | House |
| 18:40 | Build | House |
| 18:52 | Build | House |
| 18:56 | Build | House |
| 18:57 | Build | House |
| 19:03 | Create | Battering Ram |
| 19:33 | Create | Battering Ram |
| 19:35 | Create | Battering Ram |
| 20:02 | Create | Villager (Male) |
| 20:02 | Create | Villager (Male) |
| 20:02 | Create | Villager (Male) |
| 20:11 | Create | Scorpion |
| 20:11 | Create | Scorpion |
| 20:32 | Create | Scorpion |
| 20:32 | Create | Scorpion |
| 20:42 | Create | Villager (Male) |
| 20:42 | Create | Villager (Male) |
| 20:46 | Build | House |
| 20:47 | Build | House |
| 21:04 | Create | Scorpion |
| 21:05 | Create | Scorpion |
| 21:15 | Create | Scorpion |
| 21:21 | Create | Scorpion |
| 21:37 | Create | Scorpion |
| 21:37 | Create | Scorpion |
| 21:39 | Create | Villager (Male) |
| 21:40 | Create | Villager (Male) |
| 21:43 | Build | Mining Camp |
| 21:43 | Create | Villager (Male) |
| 21:47 | Build | Farm |
| 21:49 | Build | Farm |
| 22:04 | Create | Scorpion |
| 22:05 | Create | Scorpion |
| 22:35 | Create | Scorpion |
| 22:36 | Create | Scorpion |
| 22:43 | Build | Siege Workshop |
| 22:44 | Create | Villager (Male) |
| 22:44 | Create | Villager (Male) |
| 22:44 | Create | Villager (Male) |
| 22:44 | Create | Villager (Male) |
| 22:45 | Create | Villager (Male) |
| 22:47 | Build | Farm |
| 22:50 | Build | House |
| 22:51 | Build | House |
| 22:52 | Build | House |
| 23:50 | Create | Scorpion |
| 23:51 | Create | Scorpion |
| 23:52 | Create | Villager (Male) |
| 23:53 | Create | Villager (Male) |
| 23:53 | Create | Villager (Male) |
| 23:53 | Create | Villager (Male) |
| 23:57 | Build | Town Center |
| 24:17 | Create | Scorpion |
| 24:18 | Create | Scorpion |
| 24:32 | Create | Villager (Male) |
| 24:32 | Create | Villager (Male) |
| 24:32 | Create | Villager (Male) |
| 24:36 | Build | Farm |
| 24:37 | Build | Farm |
| 24:39 | Build | Farm |
| 24:39 | Build | Farm |
| 24:39 | Build | Farm |
| 24:40 | Build | Farm |
| 24:40 | Build | Farm |
| 25:16 | Create | Villager (Male) |
| 25:16 | Create | Villager (Male) |
| 25:16 | Create | Villager (Male) |
| 25:17 | Create | Villager (Male) |
| 25:19 | Build | Lumber Camp |
| 25:29 | Create | Scorpion |
| 25:30 | Create | Scorpion |
| 25:37 | Create | Villager (Male) |
| 25:38 | Create | Villager (Male) |
| 25:45 | Build | Farm |
| 25:45 | Build | Farm |
Build order — BF_Xin
First 150 of 522 actions detected
| 0:00 | Create | Villager (Male) |
| 0:01 | Create | Villager (Male) |
| 0:01 | Create | Villager (Male) |
| 0:08 | Create | Villager (Male) |
| 1:14 | Create | Villager (Male) |
| 1:42 | Create | Villager (Male) |
| 1:46 | Build | Lumber Camp |
| 2:05 | Create | Villager (Male) |
| 2:31 | Create | Villager (Male) |
| 2:49 | Create | Villager (Male) |
| 3:13 | Create | Villager (Male) |
| 3:26 | Create | Villager (Male) |
| 4:01 | Build | Mill |
| 4:44 | Create | Villager (Male) |
| 4:45 | Create | Villager (Male) |
| 4:45 | Create | Villager (Male) |
| 4:45 | Create | Villager (Male) |
| 5:01 | Create | Villager (Male) |
| 5:46 | Create | Villager (Male) |
| 6:02 | Create | Villager (Male) |
| 6:25 | Create | Villager (Male) |
| 6:51 | Create | Villager (Male) |
| 6:56 | Create | Villager (Male) |
| 6:56 | Create | Villager (Male) |
| 6:56 | Create | Villager (Male) |
| 7:19 | Build | Farm |
| 7:22 | Build | Farm |
| 7:24 | Build | Farm |
| 7:45 | Build | Farm |
| 8:32 | Build | Mining Camp |
| 8:35 | Research | Feudal Age |
| 8:35 | Research | Feudal Age |
| 8:35 | Research | Feudal Age |
| 8:35 | Research | Feudal Age |
| 11:02 | Create | Villager (Male) |
| 11:05 | Age | Feudal Age |
| 11:05 | Research | Double-Bit Axe |
| 11:05 | Research | Double-Bit Axe |
| 11:05 | Research | Double-Bit Axe |
| 11:08 | Build | Market |
| 11:11 | Build | Blacksmith |
| 11:16 | Create | Villager (Male) |
| 11:58 | Research | Castle Age |
| 11:58 | Research | Castle Age |
| 11:58 | Research | Castle Age |
| 11:58 | Research | Castle Age |
| 11:58 | Research | Castle Age |
| 12:25 | Research | Horse Collar |
| 12:25 | Research | Horse Collar |
| 12:25 | Research | Horse Collar |
| 12:25 | Research | Horse Collar |
| 14:38 | Age | Castle Age |
| 14:38 | Create | Villager (Male) |
| 14:41 | Build | Town Center |
| 14:43 | Research | Bow Saw |
| 14:43 | Research | Bow Saw |
| 14:43 | Research | Bow Saw |
| 14:43 | Research | Bow Saw |
| 14:43 | Research | Heavy Plow |
| 14:43 | Research | Heavy Plow |
| 14:43 | Research | Heavy Plow |
| 14:43 | Research | Heavy Plow |
| 14:46 | Build | Town Center |
| 15:03 | Create | Villager (Male) |
| 15:25 | Create | Villager (Male) |
| 15:28 | Build | Farm |
| 15:31 | Build | Farm |
| 15:44 | Create | Villager (Male) |
| 15:49 | Build | Farm |
| 16:06 | Create | Villager (Male) |
| 16:10 | Build | Farm |
| 16:11 | Create | Villager (Male) |
| 16:13 | Create | Villager (Male) |
| 16:13 | Create | Villager (Male) |
| 16:13 | Create | Villager (Male) |
| 16:14 | Create | Villager (Male) |
| 16:29 | Build | Farm |
| 16:42 | Build | Farm |
| 16:56 | Create | Villager (Male) |
| 16:57 | Create | Villager (Male) |
| 16:57 | Create | Villager (Male) |
| 17:06 | Build | Farm |
| 17:14 | Create | Villager (Male) |
| 17:24 | Create | Villager (Male) |
| 17:25 | Create | Villager (Male) |
| 17:26 | Create | Villager (Male) |
| 17:35 | Build | Town Center |
| 17:47 | Build | Farm |
| 17:48 | Build | Farm |
| 17:49 | Build | Farm |
| 17:51 | Create | Villager (Male) |
| 17:52 | Create | Villager (Male) |
| 18:04 | Build | Farm |
| 18:09 | Build | Farm |
| 18:11 | Create | Villager (Male) |
| 18:19 | Build | Farm |
| 18:20 | Create | Villager (Male) |
| 18:37 | Create | Villager (Male) |
| 18:44 | Build | Town Center |
| 18:48 | Build | Farm |
| 18:50 | Create | Villager (Male) |
| 18:52 | Build | Farm |
| 18:54 | Build | Farm |
| 18:58 | Create | Villager (Male) |
| 19:00 | Build | Farm |
| 19:03 | Build | Farm |
| 19:04 | Create | Villager (Male) |
| 19:06 | Build | Farm |
| 19:15 | Create | Villager (Male) |
| 19:18 | Build | Farm |
| 19:24 | Create | Villager (Male) |
| 19:33 | Build | Farm |
| 19:35 | Create | Villager (Male) |
| 19:38 | Create | Villager (Male) |
| 19:46 | Build | Barracks |
| 19:49 | Create | Villager (Male) |
| 19:50 | Create | Villager (Male) |
| 20:02 | Create | Villager (Male) |
| 20:08 | Build | Farm |
| 20:10 | Create | Villager (Male) |
| 20:14 | Create | Villager (Male) |
| 20:18 | Build | Farm |
| 20:18 | Create | Villager (Male) |
| 20:20 | Create | Villager (Male) |
| 20:21 | Create | Villager (Male) |
| 20:32 | Build | Stable |
| 20:33 | Build | Stable |
| 20:37 | Create | Villager (Male) |
| 20:37 | Create | Villager (Male) |
| 20:41 | Create | Villager (Male) |
| 20:41 | Create | Villager (Male) |
| 20:44 | Build | Farm |
| 20:47 | Build | Farm |
| 20:50 | Build | Farm |
| 20:58 | Build | Stable |
| 21:02 | Create | Villager (Male) |
| 21:03 | Create | Villager (Male) |
| 21:03 | Create | Villager (Male) |
| 21:15 | Research | Gold Mining |
| 21:15 | Research | Gold Mining |
| 21:15 | Research | Gold Mining |
| 21:23 | Build | Farm |
| 21:25 | Create | Knight |
| 21:25 | Create | Knight |
| 21:25 | Create | Knight |
| 21:34 | Build | Farm |
| 21:38 | Create | Knight |
| 21:40 | Create | Villager (Male) |
| 21:44 | Build | Mill |
| 21:44 | Build | Farm |
Build order — AOKI_Thanouille
First 150 of 403 actions detected
| 0:00 | Create | Villager (Male) |
| 0:00 | Create | Villager (Male) |
| 0:01 | Create | Villager (Male) |
| 0:01 | Create | Villager (Male) |
| 0:01 | Create | Villager (Male) |
| 0:02 | Build | House |
| 0:04 | Build | House |
| 1:23 | Create | Villager (Male) |
| 1:46 | Build | Lumber Camp |
| 1:51 | Create | Villager (Male) |
| 2:11 | Create | Villager (Male) |
| 2:27 | Create | Villager (Male) |
| 2:48 | Create | Villager (Male) |
| 3:22 | Create | Villager (Male) |
| 3:24 | Build | House |
| 3:28 | Build | House |
| 3:30 | Build | House |
| 3:35 | Create | Villager (Male) |
| 4:05 | Create | Villager (Male) |
| 4:29 | Create | Villager (Male) |
| 4:38 | Build | Mill |
| 4:56 | Create | Villager (Male) |
| 5:13 | Create | Villager (Male) |
| 5:33 | Create | Villager (Male) |
| 5:59 | Create | Villager (Male) |
| 6:02 | Create | Villager (Male) |
| 6:18 | Build | Mining Camp |
| 6:21 | Create | Villager (Male) |
| 6:22 | Build | Farm |
| 6:24 | Build | Farm |
| 6:40 | Create | Villager (Male) |
| 6:41 | Build | Farm |
| 6:55 | Create | Villager (Male) |
| 7:19 | Build | Mining Camp |
| 8:38 | Research | Feudal Age |
| 9:03 | Create | Villager (Male) |
| 9:04 | Create | Villager (Male) |
| 10:55 | Age | Feudal Age |
| 10:58 | Build | Market |
| 11:01 | Build | Blacksmith |
| 11:36 | Build | House |
| 11:38 | Build | House |
| 11:48 | Research | Castle Age |
| 11:48 | Research | Castle Age |
| 12:05 | Research | Double-Bit Axe |
| 12:44 | Research | Gold Mining |
| 12:58 | Create | Villager (Male) |
| 14:16 | Research | Horse Collar |
| 14:28 | Age | Castle Age |
| 14:31 | Research | Bow Saw |
| 14:33 | Create | Villager (Male) |
| 14:39 | Build | Castle |
| 14:50 | Create | Villager (Male) |
| 14:56 | Build | Monastery |
| 14:59 | Build | Farm |
| 14:59 | Create | Villager (Male) |
| 15:01 | Build | Farm |
| 15:23 | Build | Lumber Camp |
| 15:37 | Create | Monk |
| 15:50 | Build | Farm |
| 15:54 | Research | Fletching |
| 16:01 | Create | Ratha (Ranged) |
| 16:01 | Create | Ratha (Ranged) |
| 16:04 | Create | Villager (Male) |
| 16:20 | Build | Farm |
| 16:28 | Create | Villager (Male) |
| 16:30 | Build | Farm |
| 16:41 | Build | Farm |
| 16:41 | Create | Villager (Male) |
| 16:52 | Create | Ratha (Ranged) |
| 17:07 | Create | Ratha (Ranged) |
| 17:07 | Create | Ratha (Ranged) |
| 17:10 | Create | Villager (Male) |
| 17:25 | Create | Ratha (Ranged) |
| 17:32 | Create | Villager (Male) |
| 17:39 | Build | Lumber Camp |
| 17:41 | Create | Ratha (Ranged) |
| 17:46 | Build | Farm |
| 17:46 | Create | Villager (Male) |
| 17:50 | Create | Monk |
| 17:58 | Create | Villager (Male) |
| 18:03 | Build | Farm |
| 18:03 | Create | Villager (Male) |
| 18:04 | Build | Farm |
| 18:05 | Create | Ratha (Ranged) |
| 18:21 | Create | Ratha (Ranged) |
| 18:25 | Build | House |
| 18:26 | Build | House |
| 18:31 | Create | Villager (Male) |
| 18:34 | Create | Villager (Male) |
| 18:39 | Create | Villager (Male) |
| 18:39 | Create | Villager (Male) |
| 18:41 | Create | Ratha (Ranged) |
| 18:44 | Create | Villager (Male) |
| 18:57 | Create | Ratha (Ranged) |
| 18:58 | Create | Villager (Male) |
| 19:02 | Research | Scale Barding Armor |
| 19:10 | Research | Forging |
| 19:13 | Research | Bodkin Arrow |
| 19:27 | Create | Villager (Male) |
| 19:34 | Build | Town Center |
| 19:42 | Create | Monk |
| 19:46 | Create | Villager (Male) |
| 19:50 | Build | Farm |
| 19:51 | Build | Farm |
| 20:03 | Create | Villager (Male) |
| 20:21 | Create | Ratha (Ranged) |
| 20:21 | Create | Ratha (Ranged) |
| 20:22 | Create | Villager (Male) |
| 20:31 | Create | Villager (Male) |
| 20:35 | Build | Farm |
| 20:46 | Create | Villager (Male) |
| 20:49 | Build | Farm |
| 20:58 | Build | Farm |
| 20:59 | Create | Monk |
| 21:03 | Create | Villager (Male) |
| 21:12 | Create | Villager (Male) |
| 21:16 | Create | Ratha (Ranged) |
| 21:16 | Create | Ratha (Ranged) |
| 21:21 | Create | Villager (Male) |
| 21:40 | Build | Town Center |
| 21:41 | Create | Villager (Male) |
| 21:47 | Create | Villager (Male) |
| 21:55 | Build | House |
| 21:56 | Build | House |
| 22:02 | Create | Villager (Male) |
| 22:14 | Research | Wheelbarrow |
| 22:16 | Create | Ratha (Ranged) |
| 22:16 | Create | Ratha (Ranged) |
| 22:16 | Create | Ratha (Ranged) |
| 22:26 | Create | Villager (Male) |
| 22:34 | Build | Farm |
| 22:35 | Build | Farm |
| 22:36 | Build | Farm |
| 22:39 | Create | Villager (Male) |
| 22:56 | Create | Villager (Male) |
| 22:58 | Create | Ratha (Ranged) |
| 23:01 | Build | Farm |
| 23:03 | Build | Farm |
| 23:03 | Build | Farm |
| 23:05 | Create | Villager (Male) |
| 23:11 | Create | Ratha (Ranged) |
| 23:12 | Create | Villager (Male) |
| 23:13 | Build | House |
| 23:14 | Build | House |
| 23:19 | Create | Villager (Male) |
| 23:22 | Create | Ratha (Ranged) |
| 23:29 | Create | Monk |
| 23:32 | Create | Villager (Male) |
| 23:34 | Build | Farm |
Build order — [hkbb] Munzo__
First 150 of 367 actions detected
| 0:01 | Create | Villager (Male) |
| 0:01 | Create | Villager (Male) |
| 0:02 | Build | House |
| 0:03 | Build | House |
| 0:10 | Create | Villager (Male) |
| 0:10 | Create | Villager (Male) |
| 1:25 | Create | Villager (Male) |
| 1:49 | Build | Lumber Camp |
| 1:55 | Create | Villager (Male) |
| 1:55 | Create | Villager (Male) |
| 2:16 | Create | Villager (Male) |
| 2:17 | Create | Villager (Male) |
| 2:42 | Create | Villager (Male) |
| 2:42 | Create | Villager (Male) |
| 3:08 | Create | Villager (Male) |
| 3:27 | Build | House |
| 3:37 | Create | Villager (Male) |
| 3:38 | Create | Villager (Male) |
| 3:38 | Create | Villager (Male) |
| 3:42 | Build | House |
| 4:26 | Build | Mill |
| 4:30 | Create | Villager (Male) |
| 4:30 | Create | Villager (Male) |
| 4:30 | Create | Villager (Male) |
| 5:03 | Create | Villager (Male) |
| 5:03 | Create | Villager (Male) |
| 5:03 | Create | Villager (Male) |
| 5:03 | Create | Villager (Male) |
| 5:59 | Create | Villager (Male) |
| 6:34 | Build | Farm |
| 6:47 | Build | Mining Camp |
| 7:15 | Create | Villager (Male) |
| 7:16 | Create | Villager (Male) |
| 7:16 | Create | Villager (Male) |
| 7:16 | Create | Villager (Male) |
| 7:17 | Create | Villager (Male) |
| 7:58 | Build | Farm |
| 8:22 | Build | House |
| 8:41 | Create | Villager (Male) |
| 8:45 | Research | Feudal Age |
| 8:51 | Build | Mining Camp |
| 9:33 | Build | House |
| 9:44 | Create | Villager (Male) |
| 9:44 | Create | Villager (Male) |
| 11:31 | Age | Feudal Age |
| 11:32 | Build | Market |
| 11:34 | Build | Blacksmith |
| 12:03 | Research | Double-Bit Axe |
| 12:03 | Research | Double-Bit Axe |
| 12:03 | Research | Double-Bit Axe |
| 12:20 | Research | Castle Age |
| 12:20 | Research | Castle Age |
| 12:42 | Research | Horse Collar |
| 12:42 | Research | Horse Collar |
| 12:48 | Create | Villager (Male) |
| 13:45 | Build | Farm |
| 13:49 | Build | Farm |
| 13:52 | Build | Farm |
| 14:00 | Build | Farm |
| 14:59 | Create | Villager (Male) |
| 15:01 | Age | Castle Age |
| 15:05 | Build | Castle |
| 15:12 | Research | Bow Saw |
| 15:12 | Research | Bow Saw |
| 15:15 | Create | Villager (Male) |
| 15:31 | Create | Villager (Male) |
| 15:36 | Build | Monastery |
| 15:40 | Create | Villager (Male) |
| 15:58 | Research | Fletching |
| 15:58 | Research | Fletching |
| 16:09 | Build | Farm |
| 16:24 | Create | Monk |
| 16:44 | Create | Camel Archer |
| 16:53 | Create | Villager (Male) |
| 16:58 | Build | Farm |
| 17:09 | Create | Camel Archer |
| 17:11 | Create | Villager (Male) |
| 17:27 | Create | Camel Archer |
| 17:28 | Create | Camel Archer |
| 17:30 | Create | Villager (Male) |
| 17:41 | Create | Villager (Male) |
| 17:42 | Build | Farm |
| 17:47 | Build | University |
| 17:48 | Build | Lumber Camp |
| 17:54 | Research | Bodkin Arrow |
| 18:04 | Create | Villager (Male) |
| 18:04 | Create | Villager (Male) |
| 18:06 | Create | Camel Archer |
| 18:07 | Create | Camel Archer |
| 18:21 | Create | Camel Archer |
| 18:21 | Create | Camel Archer |
| 18:34 | Create | Camel Archer |
| 18:39 | Research | Padded Archer Armor |
| 18:39 | Research | Padded Archer Armor |
| 18:55 | Create | Villager (Male) |
| 18:56 | Create | Camel Archer |
| 19:15 | Create | Villager (Male) |
| 19:23 | Build | Siege Workshop |
| 19:32 | Create | Camel Archer |
| 19:33 | Create | Camel Archer |
| 19:35 | Create | Villager (Male) |
| 20:04 | Create | Mangonel |
| 20:07 | Build | Gate |
| 20:12 | Create | Villager (Male) |
| 20:23 | Create | Camel Archer |
| 20:33 | Create | Villager (Male) |
| 20:46 | Create | Mangonel |
| 20:54 | Build | Stone Wall |
| 21:03 | Create | Villager (Male) |
| 21:04 | Build | House |
| 21:04 | Build | House |
| 21:05 | Build | House |
| 21:24 | Create | Mangonel |
| 21:38 | Create | Villager (Male) |
| 21:41 | Build | House |
| 21:50 | Create | Villager (Male) |
| 21:53 | Research | Wheelbarrow |
| 21:55 | Research | Loom |
| 21:56 | Research | Loom |
| 22:00 | Create | Villager (Male) |
| 22:07 | Create | Villager (Male) |
| 22:09 | Create | Villager (Male) |
| 22:11 | Create | Villager (Male) |
| 22:17 | Research | Ballistics |
| 22:17 | Research | Ballistics |
| 22:18 | Create | Villager (Male) |
| 22:53 | Research | Wheelbarrow |
| 22:53 | Research | Wheelbarrow |
| 22:54 | Create | Villager (Male) |
| 23:30 | Create | Villager (Male) |
| 23:31 | Build | Barracks |
| 23:34 | Create | Camel Archer |
| 23:40 | Create | Villager (Male) |
| 23:58 | Create | Villager (Male) |
| 24:01 | Create | Camel Archer |
| 24:01 | Create | Camel Archer |
| 24:01 | Create | Camel Archer |
| 24:06 | Create | Villager (Male) |
| 24:17 | Create | Monk |
| 24:33 | Create | Mangonel |
| 24:36 | Build | Stable |
| 24:41 | Create | Villager (Male) |
| 24:51 | Create | Scorpion |
| 24:59 | Create | Villager (Male) |
| 25:09 | Create | Villager (Male) |
| 25:14 | Create | Villager (Male) |
| 25:18 | Create | Villager (Male) |
| 25:31 | Create | Villager (Male) |
| 25:31 | Create | Villager (Male) |
| 25:35 | Build | Town Center |
Build order — Adramalik
First 150 of 356 actions detected
| 0:01 | Create | Villager (Male) |
| 0:02 | Build | House |
| 0:04 | Build | House |
| 0:09 | Create | Villager (Male) |
| 0:09 | Create | Villager (Male) |
| 0:10 | Create | Villager (Male) |
| 1:26 | Create | Villager (Male) |
| 1:46 | Build | Lumber Camp |
| 1:49 | Create | Villager (Male) |
| 2:27 | Create | Villager (Male) |
| 2:43 | Create | Villager (Male) |
| 3:18 | Create | Villager (Male) |
| 3:42 | Create | Villager (Male) |
| 3:47 | Create | Villager (Male) |
| 4:04 | Build | House |
| 4:23 | Create | Villager (Male) |
| 4:33 | Build | House |
| 4:34 | Create | Villager (Male) |
| 4:51 | Build | House |
| 4:55 | Create | Villager (Male) |
| 5:17 | Create | Villager (Male) |
| 5:52 | Create | Villager (Male) |
| 6:09 | Build | Mill |
| 6:34 | Create | Villager (Male) |
| 6:34 | Create | Villager (Male) |
| 6:54 | Create | Villager (Male) |
| 7:44 | Create | Villager (Male) |
| 8:15 | Build | Mining Camp |
| 8:18 | Research | Feudal Age |
| 8:59 | Create | Villager (Male) |
| 8:59 | Create | Villager (Male) |
| 10:31 | Age | Feudal Age |
| 10:36 | Build | Market |
| 10:39 | Build | Blacksmith |
| 11:22 | Research | Castle Age |
| 11:55 | Research | Horse Collar |
| 11:59 | Build | Farm |
| 12:01 | Build | Farm |
| 12:04 | Build | Farm |
| 12:08 | Build | Farm |
| 12:23 | Research | Double-Bit Axe |
| 12:43 | Build | House |
| 12:47 | Build | House |
| 12:50 | Build | House |
| 12:51 | Build | House |
| 13:40 | Create | Villager (Male) |
| 13:40 | Create | Villager (Male) |
| 14:02 | Age | Castle Age |
| 14:08 | Build | Town Center |
| 14:27 | Create | Villager (Male) |
| 14:36 | Build | Town Center |
| 14:45 | Create | Villager (Male) |
| 14:51 | Build | House |
| 14:54 | Create | Villager (Male) |
| 15:15 | Create | Villager (Male) |
| 15:32 | Research | Bow Saw |
| 15:40 | Create | Villager (Male) |
| 15:40 | Create | Villager (Male) |
| 15:40 | Create | Villager (Male) |
| 15:40 | Create | Villager (Male) |
| 15:54 | Create | Villager (Male) |
| 15:56 | Build | Farm |
| 16:00 | Create | Villager (Male) |
| 16:03 | Build | Farm |
| 16:21 | Build | Farm |
| 16:24 | Create | Villager (Male) |
| 16:24 | Create | Villager (Male) |
| 16:31 | Build | Farm |
| 16:45 | Create | Villager (Male) |
| 16:48 | Build | Farm |
| 16:51 | Build | Farm |
| 16:54 | Build | Farm |
| 16:58 | Build | Farm |
| 16:59 | Create | Villager (Male) |
| 17:10 | Create | Villager (Male) |
| 17:13 | Build | Farm |
| 17:16 | Build | Farm |
| 17:18 | Create | Villager (Male) |
| 17:23 | Build | Farm |
| 17:25 | Create | Villager (Male) |
| 17:28 | Build | House |
| 17:32 | Build | House |
| 17:34 | Create | Villager (Male) |
| 17:45 | Build | Farm |
| 17:45 | Create | Villager (Male) |
| 17:50 | Build | Farm |
| 17:54 | Build | Farm |
| 17:58 | Build | Farm |
| 17:59 | Create | Villager (Male) |
| 18:02 | Build | Farm |
| 18:08 | Create | Villager (Male) |
| 18:11 | Build | Farm |
| 18:18 | Create | Villager (Male) |
| 18:23 | Build | Farm |
| 18:27 | Create | Villager (Male) |
| 18:30 | Build | Farm |
| 18:36 | Create | Villager (Male) |
| 18:40 | Build | Farm |
| 18:41 | Build | Farm |
| 18:51 | Create | Villager (Male) |
| 18:54 | Build | House |
| 18:56 | Build | House |
| 18:57 | Create | Villager (Male) |
| 19:02 | Build | Farm |
| 19:05 | Create | Villager (Male) |
| 19:06 | Create | Villager (Male) |
| 19:18 | Create | Villager (Male) |
| 19:25 | Create | Villager (Male) |
| 19:30 | Build | House |
| 19:41 | Build | Town Center |
| 19:56 | Create | Villager (Male) |
| 19:57 | Create | Villager (Male) |
| 20:09 | Create | Villager (Male) |
| 20:09 | Create | Villager (Male) |
| 20:31 | Create | Villager (Male) |
| 20:37 | Create | Villager (Male) |
| 20:37 | Create | Villager (Male) |
| 20:52 | Create | Villager (Male) |
| 20:52 | Create | Villager (Male) |
| 20:52 | Create | Villager (Male) |
| 21:00 | Create | Villager (Male) |
| 21:00 | Create | Villager (Male) |
| 21:00 | Create | Villager (Male) |
| 21:01 | Create | Villager (Male) |
| 21:01 | Create | Villager (Male) |
| 21:02 | Create | Villager (Male) |
| 21:11 | Build | Farm |
| 21:12 | Build | Farm |
| 21:15 | Build | Farm |
| 21:15 | Build | Farm |
| 21:15 | Create | Villager (Male) |
| 21:16 | Create | Villager (Male) |
| 21:18 | Build | Farm |
| 21:18 | Create | Villager (Male) |
| 21:30 | Create | Villager (Male) |
| 21:36 | Create | Villager (Male) |
| 21:43 | Create | Villager (Male) |
| 21:45 | Build | Farm |
| 21:46 | Build | Farm |
| 21:47 | Create | Villager (Male) |
| 21:51 | Build | Lumber Camp |
| 21:55 | Build | Lumber Camp |
| 21:56 | Build | Farm |
| 21:57 | Build | Farm |
| 21:58 | Build | Farm |
| 21:59 | Build | Farm |
| 21:59 | Create | Villager (Male) |
| 22:01 | Create | Villager (Male) |
| 22:05 | Build | Barracks |
| 22:07 | Create | Villager (Male) |
Build order — AOKI_WALLY
First 150 of 250 actions detected
| 0:01 | Create | Villager (Male) |
| 0:02 | Build | House |
| 0:04 | Build | House |
| 0:19 | Create | Villager (Male) |
| 0:19 | Create | Villager (Male) |
| 0:20 | Create | Villager (Male) |
| 1:38 | Create | Villager (Male) |
| 1:45 | Build | Lumber Camp |
| 2:05 | Create | Villager (Male) |
| 2:30 | Create | Villager (Male) |
| 2:35 | Create | Villager (Male) |
| 3:05 | Create | Villager (Male) |
| 3:21 | Create | Villager (Male) |
| 3:26 | Build | House |
| 3:37 | Research | Loom |
| 3:48 | Build | House |
| 3:57 | Create | Villager (Male) |
| 4:05 | Create | Villager (Male) |
| 4:07 | Build | House |
| 4:08 | Build | House |
| 4:28 | Create | Villager (Male) |
| 4:52 | Create | Villager (Male) |
| 5:08 | Build | Mill |
| 5:11 | Create | Villager (Male) |
| 5:50 | Create | Villager (Male) |
| 6:15 | Build | Farm |
| 6:21 | Build | Farm |
| 6:33 | Create | Villager (Male) |
| 6:34 | Create | Villager (Male) |
| 6:48 | Build | Farm |
| 7:26 | Create | Villager (Male) |
| 7:27 | Create | Villager (Male) |
| 7:56 | Create | Villager (Male) |
| 8:00 | Build | Mining Camp |
| 8:16 | Create | Villager (Male) |
| 8:57 | Research | Feudal Age |
| 9:42 | Create | Villager (Male) |
| 9:42 | Create | Villager (Male) |
| 11:21 | Age | Feudal Age |
| 11:30 | Build | Market |
| 11:33 | Build | Blacksmith |
| 11:38 | Research | Double-Bit Axe |
| 12:05 | Research | Horse Collar |
| 12:18 | Research | Castle Age |
| 12:22 | Build | Farm |
| 13:25 | Build | House |
| 13:26 | Build | House |
| 13:40 | Create | Villager (Male) |
| 13:42 | Create | Villager (Male) |
| 14:57 | Research | Gold Mining |
| 14:58 | Age | Castle Age |
| 15:05 | Build | Siege Workshop |
| 15:09 | Research | Bow Saw |
| 15:14 | Research | Heavy Plow |
| 15:32 | Build | Farm |
| 15:35 | Build | Farm |
| 15:40 | Create | Villager (Male) |
| 15:48 | Create | Battering Ram |
| 15:51 | Build | Farm |
| 15:55 | Build | Farm |
| 16:04 | Create | Villager (Male) |
| 16:18 | Build | Farm |
| 16:21 | Create | Battering Ram |
| 16:28 | Create | Villager (Male) |
| 16:41 | Build | Farm |
| 16:47 | Build | House |
| 16:48 | Build | House |
| 16:59 | Create | Battering Ram |
| 17:00 | Create | Villager (Male) |
| 17:11 | Create | Villager (Male) |
| 17:15 | Build | Farm |
| 17:24 | Create | Villager (Male) |
| 17:27 | Build | House |
| 17:36 | Create | Battering Ram |
| 17:44 | Build | Farm |
| 17:53 | Build | Mining Camp |
| 17:56 | Build | Farm |
| 18:07 | Create | Battering Ram |
| 18:08 | Create | Villager (Male) |
| 18:18 | Build | House |
| 18:35 | Create | Villager (Male) |
| 18:45 | Create | Battering Ram |
| 19:02 | Build | Outpost |
| 19:04 | Research | Town Watch |
| 19:05 | Research | Loom |
| 19:12 | Create | Villager (Male) |
| 19:27 | Create | Villager (Male) |
| 19:45 | Build | Outpost |
| 19:46 | Build | Outpost |
| 20:05 | Create | Battering Ram |
| 20:09 | Create | Villager (Male) |
| 20:10 | Create | Villager (Male) |
| 20:33 | Create | Villager (Male) |
| 20:38 | Create | Battering Ram |
| 21:01 | Create | Villager (Male) |
| 21:13 | Build | Outpost |
| 21:20 | Build | Monastery |
| 21:22 | Build | House |
| 21:22 | Build | House |
| 21:33 | Create | Battering Ram |
| 22:09 | Create | Monk |
| 22:12 | Create | Villager (Male) |
| 22:32 | Create | Battering Ram |
| 22:33 | Create | Villager (Male) |
| 22:49 | Build | Castle |
| 22:53 | Build | Lumber Camp |
| 23:05 | Create | Villager (Male) |
| 23:15 | Build | Town Center |
| 24:17 | Create | Villager (Male) |
| 24:18 | Create | Villager (Male) |
| 24:30 | Create | Villager (Male) |
| 24:30 | Create | Villager (Male) |
| 24:30 | Create | Villager (Male) |
| 24:39 | Build | Mining Camp |
| 24:52 | Create | Villager (Male) |
| 24:52 | Create | Villager (Male) |
| 24:55 | Build | Farm |
| 24:57 | Build | Farm |
| 24:58 | Build | Farm |
| 24:59 | Build | Farm |
| 25:11 | Create | Villager (Male) |
| 25:11 | Create | Villager (Male) |
| 25:17 | Research | Wheelbarrow |
| 25:27 | Build | House |
| 25:28 | Build | House |
| 25:38 | Build | Farm |
| 25:39 | Build | Farm |
| 25:54 | Create | Villager (Male) |
| 25:54 | Create | Villager (Male) |
| 25:54 | Create | Villager (Male) |
| 25:58 | Build | Farm |
| 26:06 | Build | Farm |
| 26:11 | Create | Villager (Male) |
| 26:11 | Create | Villager (Male) |
| 26:16 | Build | House |
| 26:18 | Build | House |
| 26:30 | Create | Villager (Male) |
| 26:30 | Create | Villager (Male) |
| 26:37 | Build | Farm |
| 27:16 | Build | Town Center |
| 27:25 | Build | Town Center |
| 27:49 | Build | Mining Camp |
| 28:17 | Build | University |
| 28:20 | Research | Imperial Age |
| 28:39 | Build | Farm |
| 28:40 | Create | Villager (Male) |
| 28:40 | Create | Villager (Male) |
| 28:41 | Create | Villager (Male) |
| 28:41 | Create | Villager (Male) |
| 28:41 | Create | Villager (Male) |
Build order — 摆烂菜鸟
First 150 of 340 actions detected
| 0:01 | Create | Villager (Male) |
| 0:02 | Create | Villager (Male) |
| 0:03 | Build | House |
| 0:04 | Build | House |
| 0:07 | Create | Villager (Male) |
| 0:07 | Create | Villager (Male) |
| 0:07 | Create | Villager (Male) |
| 1:21 | Create | Villager (Male) |
| 1:22 | Create | Villager (Male) |
| 1:40 | Create | Villager (Male) |
| 1:40 | Create | Villager (Male) |
| 1:48 | Build | Lumber Camp |
| 2:32 | Create | Villager (Male) |
| 2:32 | Create | Villager (Male) |
| 2:32 | Create | Villager (Male) |
| 3:07 | Create | Villager (Male) |
| 3:07 | Create | Villager (Male) |
| 3:28 | Build | House |
| 3:39 | Create | Villager (Male) |
| 3:39 | Create | Villager (Male) |
| 3:39 | Create | Villager (Male) |
| 3:39 | Create | Villager (Male) |
| 3:58 | Create | Villager (Male) |
| 3:58 | Create | Villager (Male) |
| 4:17 | Build | Mill |
| 4:28 | Create | Villager (Male) |
| 4:47 | Create | Villager (Male) |
| 5:05 | Create | Villager (Male) |
| 5:14 | Build | House |
| 6:05 | Create | Villager (Male) |
| 6:22 | Create | Villager (Male) |
| 6:35 | Create | Villager (Male) |
| 7:01 | Create | Villager (Male) |
| 7:16 | Create | Villager (Male) |
| 7:44 | Build | Mining Camp |
| 7:49 | Build | Farm |
| 8:12 | Create | Villager (Male) |
| 8:34 | Research | Feudal Age |
| 8:58 | Build | Mining Camp |
| 10:00 | Build | Farm |
| 10:19 | Create | Villager (Male) |
| 10:19 | Create | Villager (Male) |
| 10:39 | Build | House |
| 10:57 | Age | Feudal Age |
| 11:00 | Build | Market |
| 11:04 | Build | Blacksmith |
| 11:47 | Research | Castle Age |
| 11:47 | Research | Castle Age |
| 11:54 | Research | Double-Bit Axe |
| 11:54 | Research | Double-Bit Axe |
| 12:18 | Research | Horse Collar |
| 12:18 | Research | Horse Collar |
| 12:36 | Build | House |
| 12:57 | Create | Villager (Male) |
| 13:28 | Create | Villager (Male) |
| 13:43 | Build | Farm |
| 13:44 | Build | Farm |
| 14:27 | Age | Castle Age |
| 14:31 | Build | Town Center |
| 14:32 | Research | Bow Saw |
| 14:55 | Research | Heavy Plow |
| 15:06 | Build | Town Center |
| 15:09 | Create | Villager (Male) |
| 15:18 | Build | Farm |
| 15:29 | Create | Villager (Male) |
| 15:38 | Create | Villager (Male) |
| 15:47 | Build | Farm |
| 15:54 | Create | Villager (Male) |
| 15:55 | Create | Villager (Male) |
| 15:55 | Create | Villager (Male) |
| 15:57 | Build | Farm |
| 15:59 | Build | Farm |
| 16:12 | Build | Farm |
| 16:14 | Create | Villager (Male) |
| 16:20 | Build | Farm |
| 16:28 | Build | Farm |
| 16:36 | Build | House |
| 16:39 | Create | Villager (Male) |
| 16:39 | Create | Villager (Male) |
| 16:46 | Create | Villager (Male) |
| 16:46 | Create | Villager (Male) |
| 16:55 | Build | Farm |
| 17:01 | Build | Farm |
| 17:05 | Create | Villager (Male) |
| 17:05 | Create | Villager (Male) |
| 17:16 | Create | Villager (Male) |
| 17:16 | Create | Villager (Male) |
| 17:18 | Build | Farm |
| 17:22 | Build | Farm |
| 17:23 | Create | Villager (Male) |
| 17:24 | Create | Villager (Male) |
| 17:40 | Build | House |
| 17:41 | Build | House |
| 17:42 | Create | Villager (Male) |
| 17:43 | Create | Villager (Male) |
| 17:51 | Create | Villager (Male) |
| 17:52 | Create | Villager (Male) |
| 17:53 | Build | Farm |
| 17:57 | Build | Farm |
| 18:06 | Build | Farm |
| 18:08 | Create | Villager (Male) |
| 18:08 | Create | Villager (Male) |
| 18:13 | Create | Villager (Male) |
| 18:14 | Create | Villager (Male) |
| 18:23 | Build | Farm |
| 18:25 | Create | Villager (Male) |
| 18:28 | Build | Farm |
| 18:29 | Create | Villager (Male) |
| 18:30 | Create | Villager (Male) |
| 18:45 | Build | Castle |
| 18:48 | Create | Villager (Male) |
| 18:48 | Create | Villager (Male) |
| 18:49 | Create | Villager (Male) |
| 18:53 | Build | Lumber Camp |
| 18:58 | Create | Villager (Male) |
| 18:58 | Create | Villager (Male) |
| 19:01 | Build | House |
| 19:04 | Build | House |
| 19:05 | Create | Villager (Male) |
| 19:06 | Create | Villager (Male) |
| 19:10 | Build | Farm |
| 19:12 | Create | Villager (Male) |
| 19:17 | Build | Farm |
| 19:19 | Create | Villager (Male) |
| 19:24 | Build | Farm |
| 19:25 | Create | Villager (Male) |
| 19:28 | Create | Villager (Male) |
| 19:29 | Create | Villager (Male) |
| 19:33 | Build | Farm |
| 19:48 | Build | Stone Wall |
| 19:57 | Build | Siege Workshop |
| 20:03 | Research | Loom |
| 20:29 | Create | Mangonel |
| 20:29 | Create | Mangonel |
| 21:06 | Create | Villager (Male) |
| 21:07 | Create | Villager (Male) |
| 21:07 | Create | Villager (Male) |
| 21:07 | Create | Villager (Male) |
| 21:30 | Create | Villager (Male) |
| 21:30 | Create | Villager (Male) |
| 21:56 | Research | Stone Mining |
| 21:56 | Research | Stone Mining |
| 21:59 | Create | Villager (Male) |
| 21:59 | Create | Villager (Male) |
| 22:27 | Create | Villager (Male) |
| 22:29 | Create | Mangonel |
| 22:29 | Create | Mangonel |
| 22:44 | Create | Villager (Male) |
| 22:48 | Build | Farm |
| 22:49 | Build | Farm |
Build order — AOKI_Baobab
First 150 of 318 actions detected
| 0:01 | Create | Villager (Male) |
| 0:01 | Create | Villager (Male) |
| 0:01 | Create | Villager (Male) |
| 0:03 | Build | House |
| 0:04 | Build | House |
| 0:27 | Create | Villager (Male) |
| 1:32 | Create | Villager (Male) |
| 1:47 | Build | Lumber Camp |
| 1:53 | Create | Villager (Male) |
| 1:53 | Create | Villager (Male) |
| 2:17 | Create | Villager (Male) |
| 2:17 | Create | Villager (Male) |
| 2:56 | Create | Villager (Male) |
| 3:20 | Create | Villager (Male) |
| 3:33 | Create | Villager (Male) |
| 3:49 | Build | House |
| 3:52 | Build | House |
| 4:06 | Create | Villager (Male) |
| 4:06 | Create | Villager (Male) |
| 4:15 | Build | Mill |
| 4:42 | Create | Villager (Male) |
| 5:23 | Create | Villager (Male) |
| 5:43 | Create | Villager (Male) |
| 5:43 | Create | Villager (Male) |
| 6:00 | Create | Villager (Male) |
| 6:05 | Build | Farm |
| 6:11 | Create | Villager (Male) |
| 6:19 | Create | Villager (Male) |
| 6:57 | Build | Farm |
| 7:20 | Create | Villager (Male) |
| 7:36 | Create | Villager (Male) |
| 8:01 | Build | Mining Camp |
| 8:37 | Research | Feudal Age |
| 8:52 | Build | House |
| 8:53 | Build | House |
| 10:52 | Create | Villager (Male) |
| 10:57 | Age | Feudal Age |
| 11:01 | Create | Villager (Male) |
| 11:07 | Build | Market |
| 11:10 | Build | Blacksmith |
| 11:59 | Research | Castle Age |
| 12:14 | Build | Mining Camp |
| 12:19 | Research | Double-Bit Axe |
| 13:12 | Research | Stone Mining |
| 14:09 | Build | Farm |
| 14:11 | Build | Farm |
| 14:39 | Age | Castle Age |
| 14:40 | Create | Villager (Male) |
| 14:41 | Create | Villager (Male) |
| 14:44 | Build | Farm |
| 14:55 | Build | Castle |
| 15:02 | Create | Villager (Male) |
| 15:05 | Build | Farm |
| 15:09 | Research | Loom |
| 15:09 | Research | Loom |
| 15:12 | Build | Farm |
| 15:15 | Build | House |
| 15:25 | Research | Gold Mining |
| 15:28 | Build | Farm |
| 15:36 | Create | Villager (Male) |
| 15:38 | Create | Villager (Male) |
| 15:53 | Build | Farm |
| 15:58 | Build | Farm |
| 16:00 | Research | Horse Collar |
| 16:00 | Research | Horse Collar |
| 16:04 | Create | Villager (Male) |
| 16:28 | Create | Villager (Male) |
| 16:40 | Build | Outpost |
| 16:53 | Create | Petard |
| 16:53 | Create | Petard |
| 17:25 | Build | House |
| 17:26 | Build | House |
| 17:29 | Create | Janissary |
| 17:29 | Create | Janissary |
| 17:33 | Build | Farm |
| 17:39 | Build | Farm |
| 17:43 | Create | Villager (Male) |
| 18:10 | Create | Villager (Male) |
| 18:11 | Build | Farm |
| 18:15 | Create | Janissary |
| 18:20 | Build | Farm |
| 18:29 | Create | Villager (Male) |
| 18:30 | Create | Janissary |
| 18:38 | Build | Farm |
| 18:53 | Create | Villager (Male) |
| 18:57 | Create | Janissary |
| 19:06 | Build | Lumber Camp |
| 19:22 | Build | Outpost |
| 19:24 | Create | Janissary |
| 19:34 | Create | Janissary |
| 20:03 | Create | Janissary |
| 20:09 | Build | House |
| 20:11 | Create | Janissary |
| 20:11 | Create | Janissary |
| 20:17 | Build | Farm |
| 20:18 | Build | Farm |
| 20:19 | Create | Janissary |
| 20:37 | Create | Janissary |
| 20:44 | Build | House |
| 20:53 | Create | Villager (Male) |
| 20:54 | Create | Villager (Male) |
| 21:04 | Build | Town Center |
| 21:11 | Create | Janissary |
| 21:21 | Build | Outpost |
| 21:30 | Create | Villager (Male) |
| 21:31 | Build | Farm |
| 21:34 | Create | Janissary |
| 21:48 | Create | Janissary |
| 21:58 | Create | Villager (Male) |
| 22:10 | Build | House |
| 22:17 | Research | Padded Archer Armor |
| 22:18 | Create | Villager (Male) |
| 22:18 | Create | Villager (Male) |
| 22:29 | Create | Janissary |
| 22:35 | Build | Farm |
| 22:37 | Build | Farm |
| 22:41 | Build | Farm |
| 22:42 | Build | Farm |
| 22:45 | Create | Villager (Male) |
| 22:52 | Build | House |
| 22:54 | Create | Janissary |
| 23:06 | Create | Villager (Male) |
| 23:12 | Create | Villager (Male) |
| 23:12 | Create | Villager (Male) |
| 23:17 | Create | Villager (Male) |
| 24:01 | Create | Janissary |
| 24:02 | Create | Janissary |
| 24:02 | Create | Janissary |
| 24:02 | Create | Janissary |
| 24:09 | Create | Villager (Male) |
| 24:10 | Create | Villager (Male) |
| 24:12 | Build | House |
| 24:19 | Build | Farm |
| 24:19 | Build | Farm |
| 24:20 | Build | Farm |
| 24:20 | Build | Farm |
| 24:20 | Build | Farm |
| 24:20 | Build | Farm |
| 24:21 | Build | Farm |
| 24:27 | Create | Villager (Male) |
| 24:42 | Create | Janissary |
| 24:43 | Create | Janissary |
| 24:46 | Build | House |
| 24:46 | Create | Villager (Male) |
| 25:41 | Create | Villager (Male) |
| 25:41 | Create | Villager (Male) |
| 25:43 | Build | Farm |
| 25:44 | Create | Villager (Male) |
| 25:45 | Build | Farm |
| 25:49 | Create | Villager (Male) |
Match timeline
| 10:31 | Adramalik · age_up feudal |
| 10:55 | AOKI_Thanouille · age_up feudal |
| 10:57 | AOKI_Baobab · age_up feudal |
| 10:57 | 摆烂菜鸟 · age_up feudal |
| 11:05 | BF_Xin · age_up feudal |
| 11:21 | AOKI_WALLY · age_up feudal |
| 11:23 | AOKI_ViDa__ · age_up feudal |
| 11:31 | [hkbb] Munzo__ · age_up feudal |
| 14:02 | Adramalik · age_up castle |
| 14:03 | BF_Xin · first_market_buy 100 stone |
| 14:27 | 摆烂菜鸟 · age_up castle |
| 14:28 | AOKI_Thanouille · age_up castle |
| 14:38 | BF_Xin · age_up castle |
| 14:39 | AOKI_Baobab · age_up castle |
| 14:39 | AOKI_Thanouille · first_building Castle |
| 14:47 | AOKI_Baobab · first_market_buy 100 stone |
| 14:55 | AOKI_Baobab · first_building Castle |
| 14:56 | AOKI_Thanouille · first_building Monastery |
| 14:58 | AOKI_WALLY · age_up castle |
| 15:01 | [hkbb] Munzo__ · age_up castle |
| 15:02 | AOKI_ViDa__ · age_up castle |
| 15:05 | [hkbb] Munzo__ · first_building Castle |
| 15:05 | AOKI_WALLY · first_building Siege Workshop |
| 15:21 | AOKI_Thanouille · first_market_buy 100 wood |
| 15:36 | [hkbb] Munzo__ · first_building Monastery |
| 15:36 | 摆烂菜鸟 · first_market_buy 100 food |
| 16:01 | AOKI_ViDa__ · first_building Siege Workshop |
| 16:10 | AOKI_WALLY · first_market_buy 100 wood |
| 16:24 | Adramalik · first_market_buy 100 food |
| 17:49 | AOKI_Thanouille · first_market_sell 100 stone |
| 18:10 | AOKI_ViDa__ · first_market_buy 100 wood |
| 18:45 | 摆烂菜鸟 · first_building Castle |
| 19:23 | [hkbb] Munzo__ · first_building Siege Workshop |
| 19:41 | AOKI_Baobab · first_market_sell 100 stone |
| 19:46 | BF_Xin · first_building Barracks |
| 19:48 | 摆烂菜鸟 · wall_segment Stone Wall x4 |
| 19:57 | 摆烂菜鸟 · first_building Siege Workshop |
| 20:32 | BF_Xin · first_building Stable |
| 20:54 | [hkbb] Munzo__ · wall_segment Stone Wall x10 |
| 21:20 | AOKI_WALLY · first_building Monastery |
| 22:05 | Adramalik · first_building Barracks |
| 22:19 | BF_Xin · first_market_sell 100 wood |
| 22:21 | 摆烂菜鸟 · first_market_sell 100 wood |
| 22:49 | AOKI_WALLY · first_building Castle |
| 22:58 | 摆烂菜鸟 · wall_segment Palisade Wall x1 |
| 23:29 | 摆烂菜鸟 · first_building Barracks |
| 23:31 | [hkbb] Munzo__ · first_building Barracks |
| 23:34 | Adramalik · first_building Monastery |
| 24:35 | BF_Xin · first_building Siege Workshop |
| 24:36 | [hkbb] Munzo__ · first_building Stable |
| 24:56 | 摆烂菜鸟 · wall_segment Stone Wall x1 |
| 25:52 | [hkbb] Munzo__ · first_building Archery Range |
| 26:07 | [hkbb] Munzo__ · first_market_buy 100 stone |
| 26:11 | Adramalik · first_building Castle |
| 26:28 | BF_Xin · wall_segment Stone Wall x4 |
| 26:36 | 摆烂菜鸟 · wall_segment Stone Wall x1 |
| 28:49 | AOKI_Thanouille · first_building Barracks |
| 29:00 | [hkbb] Munzo__ · wall_segment Stone Wall x7 |
| 29:10 | Adramalik · age_up imperial |
| 30:09 | AOKI_WALLY · first_building Barracks |
| 30:20 | AOKI_ViDa__ · first_building Barracks |
| 30:24 | 摆烂菜鸟 · first_building Archery Range |
| 30:32 | AOKI_Thanouille · first_building Stable |
| 30:45 | BF_Xin · first_building Castle |
| 31:23 | AOKI_WALLY · first_building Archery Range |
| 31:30 | AOKI_WALLY · age_up imperial |
| 31:50 | BF_Xin · age_up imperial |
| 32:05 | Adramalik · first_market_sell 500 stone |
| 32:09 | AOKI_Baobab · age_up imperial |
| 32:21 | AOKI_Baobab · first_building Siege Workshop |
| 32:35 | AOKI_WALLY · wall_segment Stone Wall x1 |
| 32:36 | 摆烂菜鸟 · wall_segment Stone Wall x2 |
| 32:42 | 摆烂菜鸟 · wall_segment Stone Wall x1 |
| 32:44 | AOKI_WALLY · wall_segment Stone Wall x3 |
| 32:59 | AOKI_Thanouille · age_up imperial |
| 33:02 | AOKI_WALLY · wall_segment Stone Wall x1 |
| 33:13 | AOKI_WALLY · wall_segment Stone Wall x1 |
| 33:34 | AOKI_ViDa__ · age_up imperial |
| 33:56 | AOKI_WALLY · first_market_sell 100 wood |
| 34:15 | AOKI_ViDa__ · first_market_sell 500 wood |
| 35:32 | [hkbb] Munzo__ · age_up imperial |
| 36:07 | 摆烂菜鸟 · age_up imperial |
| 38:25 | AOKI_Thanouille · resign |
[ AI ANALYSIS · 1 CREDIT ]
What really happened in this match?
Wolo.gg analyzes every decision: build order, eco, micro, common mistakes by bracket. Personalized analysis on WhatsApp or Discord in 30 seconds.
Civ guide
Celts
Perfil
AOKI_ViDa__